 Dungeon Crawl Stone Soup version 0.31-a0-889-g1a8549509d (webtiles) character file.

Game seed: 6509989169143220570

3901 Kuronicle the Cleaver (level 10, -1/69 HPs)
             Began as an Octopode Shapeshifter on Oct 16, 2023.
             Shot with an arrow by a centaur (11 damage)
             ... on level 8 of the Dungeon.
             The game lasted 00:21:05 (7368 turns).

Kuronicle the Cleaver (Octopode Shapeshifter)       Turns: 7368, Time: 00:21:05

Health: -1/69      AC:  1    Str: 14    XL:     10   Next: 20%
Magic:  10/10      EV: 20    Int: 13    God:
Gold:   227        SH:  0    Dex: 15    Spells: 9/9 levels left

rFire   + . .        i - +7 war axe "Vuujoig" {venom, rF+ rN+}
rCold   . . .        k - orb {*channel}
rNeg    + . .        (helmet currently unavailable)
rPois   .            (no amulet)
rElec   .            r - +5 ring of evasion
rCorr   .            (no ring)
SInv    .            (no ring)
Will    .....        (no ring)
Stlth   ++++         (no ring)
HPRegen 0.31/turn    (no ring)
MPRegen 0.12/turn    (no ring)
                     (no ring)

%: channel magic (20%)
@: beast-form
A: beast (slay +3), almost no armour, amphibious, 8 rings, camouflage 1,
gelatinous body 1, (nimble swimmer 1), tentacles
a: Begin Untransformation


You were on level 8 of the Dungeon.
You were a hulking beast.
You visited 1 branch of the dungeon, and saw 8 of its levels.

You collected 314 gold pieces.
You spent 87 gold pieces at shops.

Inventory:

Hand Weapons
 f - a +0 scythe of draining
 i - the +7 war axe "Vuujoig" (weapon) {venom, rF+ rN+}
   (You took it off an orc on level 3 of the Dungeon)

   rF+:       It protects you from fire.
   rN+:       It protects you from negative energy.
Armour
 k - an orb of energy (worn)
Jewellery
 r - a +5 ring of evasion (left tentacle)
Talismans
 b - a beast talisman (active)
 c - a flux talisman
 m - a maw talisman
Wands
 d - a wand of light (9)
 j - a wand of charming (5)
 t - a wand of digging (4)
 x - a wand of iceblast (3)
Scrolls
 p - a scroll of enchant weapon
 q - a scroll of brand weapon
 s - a scroll of amnesia
 u - a scroll of blinking {unknown}
 w - 5 scrolls of teleportation
 y - a scroll of revelation
Potions
 a - 3 potions of lignification
 e - a potion of haste
 h - a potion of might
 l - 4 potions of enlightenment
 o - a potion of resistance
 v - 2 potions of curing


   Skills:
 * Level 6.6 Fighting
 + Level 0.1 Long Blades
 + Level 8.6 Axes
 * Level 5.9 Dodging
 + Level 6.2 Stealth
 + Level 3.4 Unarmed Combat
 - Level 0.2 Evocations
 * Level 6.1 Shapeshifting


You had 9 spell levels left.
You didn't know any spells.
Your spell library contained the following spells:

 Spells                   Type           Power      Damage    Failure   Level
 Ensorcelled Hibernation  Hex/Ice        0%         N/A       65%         2
 Jinxbite                 Hex            0%         N/A       65%         2
 Poisonous Vapours        Pois/Air       0%         N/A       65%         2
 Mephitic Cloud           Conj/Pois/Air  0%         N/A       85%         3
 Anguish                  Hex/Necr       0%         N/A       99%         4
 Freezing Cloud           Conj/Ice/Air   0%         6-21      100%        5
 Malign Gateway           Summ/Tloc      0%         N/A       100%        7
 Summon Horrible Things   Summ           0%         N/A       100%        8


Dungeon Overview and Level Annotations

Branches:
Dungeon (8/15)             Temple (0/1) D:6
   Lair: D:8-11

Altars:
Cheibriados
Dithmenos
Gozag
Hepliaklqana
Kikubaaqudgha
Sif Muna
Wu Jian
Yredelemnul
The Shining One

Shops:
D:1 !?:   D:4 *   D:5 [:*


Innate Abilities, Weirdness & Mutations

You are a hulking beast.
Your limbs bulge with bestial killing power. (Slay +3)
You cannot wear most types of armour.
You are amphibious.
You can wear up to eight rings at the same time.
Your skin changes colour to match your surroundings (Stealth+).
Your rubbery body absorbs attacks. (AC +1, EV +1)
((You are camouflaged when in or above water. (Stealth+)))
You have tentacles for arms and can constrict up to eight enemies at once.


Message History

The gnoll sergeant closely misses you.
The kobold hits you from afar with a +0 trident.
You barely miss the kobold. You grab the kobold. You constrict the kobold.
The gnoll sergeant barely misses you. The kobold closely misses you.
The kobold completely misses you.
You slice the kobold!!
You kill the kobold!
The gnoll sergeant barely misses you. The kobold completely misses you.
You hit the kobold.
You kill the kobold!
You hear the faint creaking of a very distant portcullis.
The gnoll sergeant misses you. The kobold misses you.
The kobold closely misses you.
The gnoll sergeant hits you with a +4 spear of pain!
* * * LOW HITPOINT WARNING * * *
You writhe in agony.
* * * LOW HITPOINT WARNING * * *
The gnoll closely misses you.
Items here: (( ))))) †.
You feel much better. The kobold completely misses you.
The gnoll sergeant closely misses you. The gnoll completely misses you.
The kobold barely misses you. The centaur hits you. The centaur kicks you.
The centaur wields a +0 orcbow.
The centaur shoots an arrow.
The arrow completely misses you.
The kobold throws a poisoned dart.
The poisoned dart misses you. The gnoll sergeant misses you.
The centaur unwields a +0 orcbow.
The centaur closely misses you. The centaur kicks you.
The kobold barely misses you. The gnoll sergeant misses you.
The gnoll barely misses you. The kobold hits you but does no damage.
The centaur barely misses you. The centaur kicks you.
Items here: (( ))))) †.
The gnoll sergeant hits you from afar with a +4 spear of pain!
* * * LOW HITPOINT WARNING * * *
You writhe in agony.
* * * LOW HITPOINT WARNING * * *
You slash the kobold!
You kill the kobold!
The centaur wields a +0 orcbow.
The centaur shoots an arrow.
The arrow hits you!
You die...

#...# #...........#....#.
##...###..##.###..##....#.
#........######.).#.......
##.......###......#.......
###......#.......#.......
##..........#####...>..
##...#.....##.#.......
#....#..#..#.##.....#
##..h#..#...........#
###)#g..#......†....
#...ggc...#........#..
#....g.K...........###
#............#....#>.#.
...........#.##....#....
............###.........
...........## #........#
............ #........#


You could see a gnoll sergeant, a centaur, 2 gnolls and a kobold.

Vanquished Creatures
  A hornet (D:8)
  Sigmund (D:4)
  2 yaks (D:7)
  2 hogs (D:7)
  A human (D:7)
  2 water moccasins
  An orc warrior (D:7)
  3 ice beasts (D:6)
  A black bear (D:7)
  5 ogres
  5 centaurs
  3 phantoms
  A kobold brigand (D:8)
  A bullfrog (D:7)
  A gnoll sergeant (D:6)
  4 scorpions
  3 orc priests
  5 hounds
  A jelly (D:6)
  A sleepcap (D:5)
  2 iguanas
  2 orc wizards
  13 gnolls
  9 adders
  2 white imps
  An adder zombie (D:3)
  3 worms (D:6)
  A dart slug (D:1)
  18 orcs
  3 bats
  8 endoplasms
  3 giant cockroaches (D:1)
  3 goblins
  9 hobgoblins
  2 jackals (D:1)
  10 kobolds
  6 quokkas
  5 ball pythons
  A ball python zombie (D:3)
  4 frilled lizards
  A jackal zombie (D:3)
  9 rats
159 creatures vanquished.

Notes
Turn   | Place    | Note
-------+----------+-------------------------------------------
     0 | D:1      | Kuronicle the Octopode Shapeshifter began the quest for the
                  | Orb.
     0 | D:1      | Reached XP level 1. HP: 13/13 MP: 1/1
    67 | D:1      | Reached XP level 2. HP: 11/18 MP: 2/2
   108 | D:1      | Found Moongak's Magic Scroll Shoppe.
   109 | D:1      | Found Gokij's Distillery.
   137 | D:1      | Found Hofre's Book Boutique.
   175 | D:1      | Reached skill level 1 in Stealth
   324 | D:1      | Reached XP level 3. HP: 13/23 MP: 3/3
   391 | D:1      | Found Jeakanot's Antique Armour Emporium.
   670 | D:2      | Found an ornate altar of the Wu Jian Council.
   744 | D:2      | You fall into a shaft and drop 2 floors!
   791 | D:3      | Identified the +7 war axe "Vuujoig" {venom, rF+ rN+}
  1016 | D:3      | Reached XP level 4. HP: 28/28 MP: 4/4
  1532 | D:2      | Reached skill level 1 in Axes
  1858 | D:3      | Found a faded altar of an unknown god.
  1862 | D:3      | Found a shadowy altar of Dithmenos.
  2015 | D:3      | Found a basalt altar of Yredelemnul.
  2217 | D:3      | Reached XP level 5. HP: 23/34 MP: 5/5
  2289 | D:3      | Reached skill level 2 in Axes
  2750 | D:4      | Reached XP level 6. HP: 39/39 MP: 6/6
  2867 | D:4      | Reached skill level 3 in Axes
  2927 | D:4      | Found Gozag's Platinum Reserve.
  2930 | D:4      | Found an opulent altar of Gozag.
  2980 | D:4      | Found an ancient bone altar of Kikubaaqudgha.
  2988 | D:4      | Reached XP level 7. HP: 45/45 MP: 7/7
  3048 | D:4      | Reached skill level 4 in Axes
  3473 | D:4      | Found a hazy altar of Hepliaklqana.
  3473 | D:4      | Noticed Sigmund
  3475 | D:4      | Found a faded altar of an unknown god.
  3483 | D:4      | Killed Sigmund
  3815 | D:5      | Entered Level 5 of the Dungeon
  3873 | D:5      | Reached skill level 5 in Stealth
  3873 | D:5      | Reached XP level 8. HP: 52/52 MP: 8/8
  4002 | D:5      | Found Qexacw's Assorted Antiques.
  4037 | D:5      | Bought a scroll labelled EMOREN TIGG for 30 gold pieces
  4037 | D:5      | Bought an orange potion for 27 gold pieces
  4037 | D:5      | Bought a scroll labelled JIESCH CUEFF for 30 gold pieces
  4163 | D:5      | Reached skill level 5 in Axes
  4299 | D:5      | Found Sal Zon's Book Shoppe.
  4651 | D:5      | Found Ocirheaq's Armour Shoppe.
  4968 | D:6      | Found a staircase to the Ecumenical Temple.
  5053 | D:6      | Found a glowing drain.
  5180 | D:6      | Reached skill level 6 in Axes
  5533 | D:6      | Found a glowing golden altar of the Shining One.
  5540 | D:6      | Reached skill level 5 in Shapeshifting
  5580 | D:6      | Reached XP level 9. HP: 60/60 MP: 9/9
  5591 | D:6      | Reached skill level 5 in Fighting
  5856 | D:6      | Reached skill level 5 in Dodging
  6294 | D:7      | Reached skill level 7 in Axes
  6830 | D:7      | Reached skill level 8 in Axes
  6834 | D:7      | Reached XP level 10. HP: 32/69 MP: 10/10
  6989 | D:7      | Found a shimmering blue altar of Sif Muna.
  7072 | D:7      | Found a snail-covered altar of Cheibriados.
  7263 | D:8      | Identified the "Maen"
  7368 | D:8      | Shot with an arrow by a centaur

Illustrated notes

Levels and vault maps discovered:
D:1:      lightli_arrival_statuegarden, layout_rooms, serial_shops, shop, shop,
          shop, shop
D:2:      layout_basic, basic_altar, kennysheep_generic_room_13
D:3:      layout_loops_cross, nicolae_overflow_ecumenical_swirl,
          nicolae_yredelemnul_corpse_copse, corexii_shack, serial_bayou_pond_e,
          serial_bayou_ford_a
D:4:      layout_loops_ring, kiku_gazebo_pond_becter,
          beargit_hepliaklqana_dungeon_heroes, nicolae_gozag_zags_fifth_avenue,
          uniq_sigmund
D:5:      layout_basic, serial_shops, shop, nicolae_shop_just_a_little_nook,
          shop
D:6:      layout_basic, nicolae_tso_swordbearing_angel,
          minmay_temple_entry_wispy, cheibrodos_sewer_entry_drain
D:7:      layout_basic, amcnicky_altar_gilded, nicolae_sif_muna_condensation,
          serial_rivers, chequers_serial_rivers_micro_a,
          chequers_serial_rivers_micro_e, chequers_serial_rivers_room_b,
          chequers_serial_rivers_micro_a, chequers_serial_rivers_micro_d,
          grunt_livestock, kb_lookout_dungeons_type, due_unseen_surprise
D:8:      layout_cave_pools, fedhas_ov_isle_minmay, trog_book, enter_bailey_4

Skill      XL: |  1  2  3  4  5  6  7  8  9 10 |
---------------+-------------------------------+-----
Stealth        | 1 2 3 5 6 |  6.2
Axes           | 1 2 3 4 6 8 |  8.6
Fighting       | 2 3 4 6 |  6.6
Dodging        | 3 4 5 |  5.9
Shapeshifting  | 4 5 6 |  6.1
Long Blades    | |  0.1
Unarmed Combat | |  3.4
Evocations     | |  0.2

Action                     |  1- 3 |  4- 6 |  7- 9 | 10-12 || total
---------------------------+-------+-------+-------+-------++-------
  Melee: Unarmed           |    43 |     1 |       |       ||    44
         Constrict         |    17 |    14 |    28 |     5 ||    64
         Tentacles         |    10 |     8 |    26 |     5 ||    49
         Falchion          |    15 |       |       |       ||    15
         War axe           |     4 |    57 |   119 |    19 ||   199
         Punch             |       |     1 |     4 |       ||     5
  Evoke: Wand              |       |       |     1 |       ||     1
    Use: Scroll            |     1 |     5 |    10 |       ||    16
         Potion            |       |       |     1 |     1 ||     2
   Stab: Sleeping          |     8 |    14 |    13 |     1 ||    36
         Distracted        |     1 |       |       |       ||     1
 Armour: Skin              |    26 |    20 |    65 |    16 ||   127
  Dodge: Dodged            |    34 |    36 |   109 |    42 ||   221

Table legend: (Time is in decaauts)
 A = Elapsed time spent in this place.
 B = Non-inter-level travel time spent in this place.
 C = Inter-level travel time spent in this place.
 D = Time resting spent in this place.
 E = Time spent auto-exploring this place.
 F = Levels seen in this place.
 G = Mean time per level.
                   A        B        C        D        E       F      G
               +--------+--------+--------+--------+--------+-----+--------+
         Total |   7419 |   6241 |   1178 |    533 |   4542 |   8 |  927.4 |
       Dungeon |   7419 |   6241 |   1178 |    533 |   4542 |   8 |  927.4 |
               +--------+--------+--------+--------+--------+-----+--------+

Top non-repeatable levels by time:
     D:4: 1184 daAuts
     D:6: 1182 daAuts
     D:5: 1144 daAuts
     D:7: 1140 daAuts
     D:3: 1122 daAuts
     D:2: 967 daAuts
     D:1: 571 daAuts
     D:8: 105 daAuts
